 Dungeon Crawl Stone Soup version 0.23.1 (webtiles) character file.

Game seed: 0

751 Fang the Skirmisher (level 7, -10/45 HPs)
             Began as a Gargoyle Berserker on Mar 13, 2019.
             Was an Elder of Trog.
             Mangled by an ogre
             ... wielding a +0 giant spiked club
              (16 damage)
             ... on level 4 of the Dungeon.
             The game lasted 00:04:59 (3200 turns).

Fang the Skirmisher (Gargoyle Berserker)            Turns: 3200, Time: 00:04:59

Health: -10/45     AC: 17    Str: 23    XL:     7   Next: 78%
Magic:  7/7        EV:  8    Int:  7    God:    Trog [****..]
Gold:   212        SH:  0    Dex:  9    Spells: 6/6 levels left

rFire    . . .     SeeInvis .   a - +0 hand axe
rCold    + . .     Gourm    .   (no shield)
rNeg     + . .     Faith    .   r - +0 plate armour
rPois    ∞         Spirit   .   (no helmet)
rElec    +         Reflect  .   (no cloak)
rCorr    .         Harm     .   (no gloves)
MR       .....                  (no boots)
Stlth    ..........             (no amulet)
HPRegen  0.15/turn              n - ring of protection from cold
MPRegen  0.10/turn              (no ring)

@: berserk cooldown, slowed, very slow
A: negative energy resistance 1, electricity resistance, unbreathing,
petrification resistance, rot immunity, AC +4
a: Berserk, Trog's Hand, Brothers in Arms, Renounce Religion


You were on level 4 of the Dungeon.
You worshipped Trog.
Trog was greatly pleased with you.
You were hungry.

You visited 1 branch of the dungeon, and saw 5 of its levels.

You collected 212 gold pieces.

Inventory:

Hand Weapons
 a - a +0 hand axe (weapon)
Armour
 r - a +0 plate armour (worn)
Jewellery
 n - a ring of protection from cold (left hand)
Wands
 i - a wand of polymorph (1)
Scrolls
 b - a scroll of fear {unknown}
 l - a scroll of magic mapping {unknown}
 m - a scroll of remove curse
 o - 2 scrolls of teleportation {unknown}
 p - 3 scrolls of noise {unknown}
Potions
 d - 6 potions of curing
 e - 2 potions of agility
 f - a potion of cancellation
 g - 2 potions of mutation {unknown}
 h - a potion of haste {unknown}
 k - a potion of heal wounds {unknown}
Comestibles
 c - 8 rations
 q - 3 chunks of flesh


   Skills:
 + Level 5.6 Fighting
 + Level 4.6 Axes
 + Level 5.0 Armour
 + Level 3.7 Dodging


You had 6 spell levels left.
You didn't know any spells.
Your spell library was empty.

Dungeon Overview and Level Annotations

Branches:
Dungeon (5/15)
 Temple: D:4-7

Altars:
Ashenzari
Cheibriados
Gozag
Hepliaklqana
Qazlal
Xom
Yredelemnul
The Shining One

Shops:
D:4 =


Innate Abilities, Weirdness & Mutations

You are resistant to torment.
Your stone body is resilient. (AC +4)
You are immune to poison.
You resist negative energy. (rN+)
You are resistant to electric shocks. (rElec)
You can survive without breathing.
You are immune to petrification.
You are immune to rotting.


Message History

A puff of frost appears from out of thin air!
The puff of frost hits you but does no damage.
The adder bites you but does no damage.
You closely miss the adder. You hit the ogre. You miss something.
Something hits you but does no damage. The adder bites you but does no damage.
Something hits you. The ogre closely misses you.
The adder bites you but does no damage. Something hits you but does no damage.
You hear some strange, mumbled words.
A puff of flame appears from out of thin air!
The puff of flame hits you but does no damage.
The ogre hits you with a +0 giant spiked club!
* * * LOW HITPOINT WARNING * * *
The adder closely misses you. The adder bites you but does no damage.
The ogre misses you. The adder barely misses you. The adder closely misses you.
There is a stone staircase leading up here.
The adder bites you but does no damage.
The ogre hits you with a +0 giant spiked club!
You die...

..#........### #.......#
..##.....#.^.######.......# ###
..###.##.###...##.........#####..
..###.##..........#..............
....÷.########............#####..
.####...#####>)...........### ##.
..........#..).#...#........#####
##..........##.#SO....#####..#...
...............#@......##.......#
##.........................#....#
###.##.#####.#........####...#...
....##.# ###.#......########...##
....##.###..............#####..##
....#....#........##..#.....÷....
.............>....###.........###
.....#...#####..#######...###...#
.....#...######....####...#####..


You could see an ogre and an adder.

Vanquished Creatures
  An ogre (D:4)
  A centaur (D:5)
  A bullfrog (D:4)
  An orc priest (D:5)
  An orc wizard (D:4)
  A centaur skeleton (D:4)
  A hound (D:4)
  Natasha (thrice) (D:3)
  7 worker ants (D:4)
  5 adders
  2 shadow imps
  An adder skeleton (D:4)
  2 worms
  3 dart slugs
  3 leopard geckos
  4 orcs
  3 ball pythons
  5 bats
  5 giant cockroaches
  13 goblins
  9 hobgoblins
  12 jackals
  9 frilled lizards
  6 kobolds
  4 rats
103 creatures vanquished.

Notes
Turn   | Place    | Note
-------+----------+-------------------------------------------
     0 | D:1      | Fang the Gargoyle Berserker began the quest for the Orb.
     0 | D:1      | Reached XP level 1. HP: 14/14 MP: 1/1
   183 | D:1      | Reached XP level 2. HP: 19/19 MP: 2/2
   184 | D:1      | Found a shattered altar of Ashenzari.
   658 | D:2      | Found an opulent altar of Gozag.
   808 | D:2      | Reached XP level 3. HP: 23/24 MP: 3/3
   910 | D:2      | Reached ** piety under Trog
  1011 | D:2      | Reached XP level 4. HP: 23/29 MP: 4/4
  1085 | D:2      | Found a basalt altar of Yredelemnul.
  1086 | D:2      | Found a shattered altar of Ashenzari.
  1087 | D:2      | Found a stormy altar of Qazlal.
  1089 | D:2      | Found a glowing golden altar of the Shining One.
  1089 | D:2      | Found a hazy altar of Hepliaklqana.
  1090 | D:2      | Found a shimmering altar of Xom.
  1242 | D:2      | Found a snail-covered altar of Cheibriados.
  1726 | D:3      | Noticed Natasha
  1735 | D:3      | Killed Natasha
  1735 | D:3      | Reached XP level 5. HP: 33/33 MP: 5/5
  1799 | D:3      | Noticed Natasha
  1817 | D:3      | Killed Natasha
  1834 | D:3      | Noticed Natasha
  1842 | D:3      | Killed Natasha
  2006 | D:3      | Reached *** piety under Trog
  2556 | D:4      | Reached XP level 6. HP: 35/39 MP: 6/6
  2624 | D:4      | Reached skill level 5 in Fighting
  2626 | D:4      | Reached XP level 7. HP: 25/44 MP: 7/7
  2901 | D:4      | Found Xeifon's Jewellery Shop.
  3179 | D:5      | Entered Level 5 of the Dungeon
  3192 | D:4      | Reached **** piety under Trog
  3192 | D:4      | Reached skill level 5 in Armour
  3200 | D:4      | Mangled by an ogre

Skill      XL: |  1  2  3  4  5  6  7 |
---------------+----------------------+-----
Axes           | 3 4 |  4.6
Dodging        | 2 3 |  3.7
Armour         | 3 4 5 |  5.0
Fighting       | 4 5 |  5.6

Action                   |  1- 3 |  4- 6 |  7- 9 || total
-------------------------+-------+-------+-------++-------
Melee: Hand axe          |   112 |   246 |    51 ||   409
       Unarmed           |       |     2 |       ||     2
Invok: Berserk           |       |     1 |     1 ||     2
  Use: Scroll            |     3 |       |     2 ||     5
 Stab: Sleeping          |     2 |       |       ||     2
  Eat: Chunk             |       |     6 |     3 ||     9
Armor: Animal skin       |     8 |       |       ||     8
       Scale mail        |    57 |   136 |    24 ||   217
       Skin              |       |     1 |       ||     1
       Plate armour      |       |       |    24 ||    24
Dodge: Dodged            |    78 |   153 |    44 ||   275
